 Dungeon Crawl Stone Soup version 0.21.1-1-g345015fe64 (webtiles) character file.

86 Htamos the Chopper (level 4, -1/41 HPs)
             Began as a Minotaur Berserker on July 4, 2018.
             Was a Believer of Trog.
             Slain by an ice beast (9 damage)
             ... on level 3 of the Dungeon.
             The game lasted 00:03:54 (2311 turns).

Htamos the Chopper (Minotaur Berserker)             Turns: 2311, Time: 00:03:56

Health: -1/41      AC:  2    Str: 21    XL:     4   Next: 26%
Magic:  3/3        EV: 13    Int:  4    God:    Trog [**....]
Gold:   184        SH:  0    Dex: 11    Spells: 3/3 levels left

rFire    . . .     SeeInvis .   a - +0 hand axe
rCold    . . .     Gourm    .   (no shield)
rNeg     . . .     Faith    .   b - +0 animal skin
rPois    .         Spirit   .   (helmet restricted)
rElec    .         Reflect  .   f - scarf {cloud immunity}
rCorr    .         Harm     .   (no gloves)
MR       .....                  (no boots)
Stlth    +.........             (no amulet)
HPRegen  0.13/turn              (no ring)
MPRegen  0.08/turn              (no ring)

@: no status effects
A: retaliatory headbutt, horns 2
a: Berserk, Trog's Hand, Burn Spellbooks, Renounce Religion


You were on level 3 of the Dungeon.
You worshipped Trog.
Trog was pleased with you.
You were not hungry.

You visited 1 branch of the dungeon, and saw 3 of its levels.

You collected 184 gold pieces.

Inventory:

Hand Weapons
 a - a +0 hand axe (weapon)
Armour
 b - a +0 animal skin (worn)
 f - a scarf of cloud immunity (worn)
Scrolls
 d - 2 scrolls of random uselessness {unknown}
 g - a scroll of noise {unknown}
 h - 2 scrolls of magic mapping {unknown}
 i - a scroll of fog {unknown}
 j - 3 scrolls of teleportation {unknown}
 n - a scroll of remove curse {unknown}
Potions
 e - 2 potions of flight {unknown}
 k - a potion of ambrosia {unknown}
 l - a potion of berserk rage {unknown}
 m - 2 potions of brilliance {unknown}
Comestibles
 c - 5 rations


   Skills:
 + Level 4.6 Fighting
 + Level 4.9 Axes
 + Level 2.7 Armour
 + Level 2.8 Dodging


You had 3 spell levels left.
You didn't know any spells.

Dungeon Overview and Level Annotations

Branches:
Dungeon (3/15)

Altars:
Okawaru


Innate Abilities, Weirdness & Mutations

You reflexively headbutt those who attack you in melee.
You have a pair of horns on your head.


Message History

The ice beast hits you. The ice beast freezes you!
* * * LOW HITPOINT WARNING * * *
You are too injured to fight recklessly!
You are too injured to fight recklessly!
You are too injured to fight recklessly!
You are too injured to fight recklessly!
You are too injured to fight recklessly!
You are too injured to fight recklessly!
You are too injured to fight recklessly!
You are too injured to fight recklessly!
You hit the ice beast but do no damage. You headbutt the ice beast.
The ice beast is moderately wounded.
The ice beast barely misses you.
You hit the ice beast.
You headbutt the ice beast, but do no damage.
The ice beast is heavily wounded.
The ice beast closely misses you. The ice beast hits you.
* * * LOW HITPOINT WARNING * * *
The ice beast freezes you!
You die...

#.. >....##.## ...
.........# #.#
#..#.##..# #.#
#..#.##..# #.#
#..#.##..#
####.#####..#.##..# #
#......$...$...#..#
....##.####...$.((..#
.............@..(....#
.#######.....YĆ·...##.##
#####....$......
#......#..###
###.#.....# ##......#
##....## ##.#.# .#.#


You could see an ice beast.

Vanquished Creatures
  3 adders
  An ooze (D:2)
  A worm (D:2)
  A dart slug (D:1)
  2 leopard geckos
  A ball python (D:2)
  6 bats
  3 giant cockroaches
  5 goblins
  9 hobgoblins
  3 jackals (D:2)
  A frilled lizard (D:2)
  5 kobolds
  4 rats
45 creatures vanquished.

Notes
Turn   | Place    | Note
-------+----------+-------------------------------------------
     0 | D:1      | Htamos the Minotaur Berserker began the quest for the Orb.
     0 | D:1      | Reached XP level 1. HP: 19/19 MP: 0/0
   126 | D:1      | Reached XP level 2. HP: 3/27 MP: 1/1
   942 | D:2      | Reached XP level 3. HP: 22/33 MP: 2/2
   997 | D:2      | Reached ** piety under Trog
  1327 | D:2      | Found an iron altar of Okawaru.
  1479 | D:2      | Reached XP level 4. HP: 21/41 MP: 3/3
  2020 | D:3      | Noticed an ice beast
  2311 | D:3      | Slain by an ice beast

Skill      XL: |  1  2 |
---------------+-------+-----
Fighting       | 4 |  4.6
Axes           | 4 |  4.9
Armour         | |  2.7
Dodging        | |  2.8

Action                   |  1- 3 |  4- 6 || total
-------------------------+-------+-------++-------
Melee: Hand axe          |    85 |    25 ||   110
       Headbutt          |     7 |     6 ||    13
 Stab: Sleeping          |     1 |       ||     1
       Distracted        |       |     1 ||     1
  Eat: Chunk             |     1 |     1 ||     2
       Ration            |       |     1 ||     1
Armor: Animal skin       |    10 |     7 ||    17
Dodge: Dodged            |    63 |    23 ||    86
